 Dungeon Crawl Stone Soup version 0.31-a0-700-gf13585253f (webtiles) character file.

Game seed: 718740610795077755

246 qw the Shooter (level 6, -9/37 HPs)
             Began as a Gargoyle Hunter on Sept 7, 2023.
             Killed by divine providence
             ... invoked by an orc priest
              (11 damage)
             ... on level 4 of the Dungeon.
             The game lasted 00:01:06 (2474 turns).

qw the Shooter (Gargoyle Hunter)                    Turns: 2474, Time: 00:01:06

Health: -9/37      AC: 12    Str: 20    XL:     6   Next: 11%
Magic:  6/6        EV: 17    Int: 10    God:
Gold:   143        SH:  0    Dex: 15    Spells: 5/5 levels left

rFire   . . .        Y - +0 shortbow
rCold   + . .        (shield currently unavailable)
rNeg    + . .        b - +1 leather armour {rC+}
rPois   inf          (no helmet)
rElec   +            (no cloak)
rCorr   .            f - +0 pair of gloves
SInv    .            k - +2 pair of boots
Will    .....        (no amulet)
Stlth   +            i - +5 ring of evasion
HPRegen 0.26/turn    d - +6 ring of strength
MPRegen 0.10/turn

%: no passive effects
@: confused
A: sickness immunity, AC +4, negative energy resistance 1, electricity
resistance, torment resistance 1, petrification resistance
a: no special abilities


You were on level 4 of the Dungeon.
You visited 1 branch of the dungeon, and saw 4 of its levels.

You collected 143 gold pieces.


Innate Abilities, Weirdness & Mutations

You are immune to sickness and miasma.
Your stone body is resilient. (AC +4)
You are immune to poison.
You resist negative energy. (rN+)
You are resistant to electric shocks. (rElec)
You are resistant to unholy torment.
You are immune to petrification.


   Skills:
 + Level 3.2 Fighting
 - Level 6.5 Ranged Weapons
 - Level 1.6 Armour
 - Level 1.5 Dodging
 - Level 1.1 Stealth


You had 5 spell levels left.
You didn't know any spells.
Your spell library was empty.

Inventory:

Hand Weapons
 Y - a +0 shortbow (weapon)
Armour
 b - a +1 leather armour of cold resistance (worn)
 f - a +0 pair of gloves (worn)
 k - a +2 pair of boots (worn)
Jewellery
 a - a ring of fire
 d - a +6 ring of strength (right hand)
 i - a +5 ring of evasion (left hand)
Scrolls
 c - a scroll of fog {unknown}
 e - 2 scrolls of identify
Potions
 h - a potion of haste
 j - a potion of enlightenment

Dungeon Overview and Level Annotations

Branches:
Dungeon (4/15)
 Temple: D:4-7

Altars:


Message History

You shoot an arrow. The arrow hits the orc!
You kill the orc!
An orc priest comes into view. It is wielding a +0 trident.
You shoot an arrow. The arrow hits the orc.
The orc is lightly wounded.
You shoot an arrow. The arrow barely misses the orc.
The arrow hits the orc priest but does no damage.
You shoot an arrow. The arrow hits the orc.
You kill the orc!
You shoot an arrow. The arrow barely misses the orc priest.
You shoot an arrow. The arrow hits the orc priest.
The orc priest is heavily wounded.
The orc priest misses you.
You shoot an arrow.
The arrow closely misses the orc priest.
The orc priest invokes the aid of Beogh against you.
Beogh smites you!
You shoot an arrow. The arrow barely misses the orc priest.
The orc priest barely misses you.
You shoot an arrow. The arrow hits the orc priest.
The orc priest is heavily wounded.
The orc priest barely misses you. The orc priest closely misses you.
You shoot an arrow. The arrow barely misses the orc priest.
The orc priest invokes the aid of Beogh against you.
Pain shoots through your body!
You shoot an arrow. The orc wizard shouts!
The arrow hits the orc priest.
The orc priest is almost dead.
The orc priest closely misses you.
The orc wizard gestures at you while chanting.
You are confused.
The orc wizard points at you and mumbles some strange words.
You are more confused.
The orc priest hits you from afar with a +0 trident.
An adder comes into view.
The adder hisses angrily.
The orc priest invokes the aid of Beogh against you.
Beogh smites you!
You die...

..##.........##
..#...........#
....~...~...~..
.............).
.............So
#.~...~...~...~
#..............
......%@)o.....
#...¤...~...¤..
#.#............
.....¤.........
.###..¤...~...!
##......¤###
##.##..## #+
.##


You could see an orc priest, an orc wizard and an adder.

Vanquished Creatures
  An ogre (D:4)
  An iguana (D:4)
  4 adders
  4 dart slugs
  7 orcs
  6 ball pythons
  8 bats
  6 endoplasms
  A giant cockroach (D:1)
  8 goblins
  7 hobgoblins
  8 jackals
  7 kobolds
  5 quokkas
  5 frilled lizards
  6 rats
84 creatures vanquished.

Notes
Turn   | Place    | Note
-------+----------+-------------------------------------------
     0 | D:1      | qw the Gargoyle Hunter began the quest for the Orb.
     0 | D:1      | Reached XP level 1. HP: 12/12 MP: 1/1
     0 | D:1      | 0 ||| qw: Version: 0.3-a-76-g4403597
     0 | D:1      | 0 ||| qw: Game counter: 598
     0 | D:1      | 0 ||| qw: Melee chars always use a shield: true
     0 | D:1      | 0 ||| qw: God list: Okawaru
     0 | D:1      | 0 ||| qw: Allow faded altars: false
     0 | D:1      | 0 ||| qw: Do Orc after clearing Dungeon:15 true
     0 | D:1      | 0 ||| qw: Do second Lair branch before Depths: true
     0 | D:1      | 0 ||| qw: Lair rune preference: random
     0 | D:1      | 0 ||| qw: Goals: Normal
     0 | D:1      | 0 ||| PLANNING D:1-11
    80 | D:1      | Found a faded altar of an unknown god.
   150 | D:1      | Reached XP level 2. HP: 17/17 MP: 2/2
   300 | D:1      | Reached XP level 3. HP: 21/21 MP: 3/3
   334 | D:1      | Reached skill level 5 in Ranged Weapons
   635 | D:1      | 635 ||| UPGRADING to +0 pair of gloves.
   640 | D:1      | 640 ||| UPGRADING to +5 ring of evasion.
   641 | D:1      | 641 ||| READING scroll labelled XOMUNI BEMNATU.
   644 | D:1      | 644 ||| READING 2 scrolls labelled SIPSIGI NUP.
   645 | D:1      | 645 ||| READING scroll labelled WOCHEME BUWUHO.
   646 | D:1      | 646 ||| READING scroll labelled JYITUSHR USUCIU.
   747 | D:1      | 747 ||| DROPPING scroll of butterflies.
   811 | D:2      | 811 ||| FLEEEEING.
   812 | D:2      | 812 ||| FLEEEEING.
   875 | D:2      | Reached skill level 3 in Fighting
  1031 | D:2      | Reached XP level 4. HP: 28/28 MP: 4/4
  1372 | D:2      | 1372 ||| UPGRADING to +6 ring of strength.
  1373 | D:2      | 1373 ||| READING scroll labelled UPHUPT XOITO.
  1374 | D:2      | 1374 ||| READING 2 scrolls labelled WEAZOA XECIE.
  1375 | D:2      | 1375 ||| DRINKING 2 coppery potions.
  1376 | D:2      | 1376 ||| READING 3 scrolls of identify.
  1376 | D:2      | 1376 ||| IDENTIFYING bubbling golden potion
  1377 | D:2      | 1377 ||| READING 2 scrolls of identify.
  1377 | D:2      | 1377 ||| IDENTIFYING sapphire potion
  1378 | D:2      | 1378 ||| DROPPING scroll of amnesia.
  1379 | D:2      | 1379 ||| DROPPING potion of ambrosia.
  1858 | D:3      | Identified the +2 war axe of Xom's Inspiration {flame, rN+}
  1863 | D:3      | Reached XP level 5. HP: 32/32 MP: 5/5
  2274 | D:3      | 2274 ||| UPGRADING to +1 leather armour of cold resistance.
  2284 | D:3      | 2284 ||| DROPPING +0 leather armour.
  2285 | D:3      | 2285 ||| UPGRADING to +2 pair of boots.
  2290 | D:3      | 2290 ||| READING scroll labelled WETIRO CICUUQ.
  2291 | D:3      | 2291 ||| READING 3 scrolls of identify.
  2291 | D:3      | 2291 ||| IDENTIFYING grey potion
  2292 | D:3      | 2292 ||| DROPPING potion of brilliance.
  2348 | D:4      | Reached skill level 1 in Armour
  2388 | D:4      | Noticed an ogre
  2389 | D:4      | 2389 ||| RETREATING.
  2398 | D:4      | Killed an ogre
  2399 | D:4      | Reached skill level 6 in Ranged Weapons
  2399 | D:4      | Reached XP level 6. HP: 11/37 MP: 6/6
  2400 | D:4      | HP: 9/37 [something (2)]
  2402 | D:4      | 2402 ||| FLEEEEING.
  2404 | D:4      | 2404 ||| READING scroll of teleportation.
  2418 | D:4      | HP: 9/37 [quokka (1)]
  2423 | D:4      | HP: 7/37 [quokka (2)]
  2468 | D:4      | HP: 2/37 [orc priest/divine providence (17)]
  2473 | D:4      | HP: 1/37 [orc priest/+0 trident (1)]
  2474 | D:4      | Killed from afar by an orc priest

Levels and vault maps discovered:
D:1:      lemuel_arrival_muddy, layout_basic, hellmonk_ecumenical_altar_blasted
D:2:      layout_loops_ring, minmay_tromino_v2
D:3:      layout_basic
D:4:      layout_basic, lemuel_blue_sif_altar, serial_shops,
          nicolae_shop_back_alley_shop, kennysheep_doodads, chequers_garden,
          minmay_shop_damaged

Skill      XL: |  1  2  3  4  5 |
---------------+----------------+-----
Ranged Weapons | 5 6 |  6.5
Fighting       | 3 |  3.2
Armour         | 1 |  1.6
Dodging        | |  1.5
Stealth        | |  1.1

Action                     |  1- 3 |  4- 6 || total
---------------------------+-------+-------++-------
   Fire: Shortbow          |   120 |   139 ||   259
    Use: Scroll            |     4 |     7 ||    11
         Potion            |       |     1 ||     1
 Armour: Leather armour    |    21 |    32 ||    53
  Dodge: Dodged            |    22 |    63 ||    85

Table legend:
 A = Non-vault XP
 B = Vault XP
 C = Vault XP percentage of total XP
 D = Non-vault monster count
 E = Vault monster count
 F = Vault count percentage of total count
                 A         B        C        D         E       F
            +---------+---------+-------+---------+---------+-------
      Total |     349 |       3 |   0.9 |      82 |       2 |   2.4
            +---------+---------+-------+---------+---------+-------
        D:1 |      62 |       0 |   0.0 |      36 |       0 |   0.0
        D:2 |      45 |       3 |   6.2 |      18 |       2 |  10.0
        D:3 |      60 |       0 |   0.0 |      19 |       0 |   0.0
        D:4 |     182 |       0 |   0.0 |       9 |       0 |   0.0
            +---------+---------+-------+---------+---------+-------
